 Dungeon Crawl Stone Soup version 0.28.0-45-g0d030f2227 (webtiles) character file.

Game seed: 10241145057993600119

19406 meepyknight the Cleaver (level 12, -4/83 HPs)
             Began as a Gargoyle Fighter on Mar 3, 2022.
             Was an Elder of the Shining One.
             Slain by a vampire mosquito (9 damage)
             ... on level 13 of the Dungeon on Apr 18, 2022.
             The game lasted 00:24:09 (15819 turns).

meepyknight the Cleaver (Gargoyle Fighter)         Turns: 15819, Time: 00:24:09

Health: -4/83      AC: 27    Str: 25    XL:     12   Next: 68%
Magic:  17/17      EV:  7    Int:  9    God:    the Shining One [****..]
Gold:   904        SH:  6    Dex:  6    Spells: 11/11 levels left

rFire   . . .      SeeInvis .   t - +3 broad axe (flame)
rCold   . . .      Faith    .   c - +1 buckler
rNeg    + + +      Spirit   .   p - +1 plate armour
rPois   ∞          Reflect  .   (no helmet)
rElec   +          Harm     .   k - scarf {repulsion}
rCorr   .          Rampage  .   w - +0 pair of gloves
Will    +....                   g - +0 pair of boots "Ubunizi" {+Blink Fly rPois Dex-3}
Stlth   ..........              B - amulet of the acrobat
HPRegen 0.23/turn               x - ring of willpower
MPRegen 0.15/turn               (no ring)

@: on berserk cooldown, flying, slowed, glowing, repel missiles, very slow
A: sickness immunity, AC +8, negative energy resistance 1, electricity
resistance, torment resistance 1, petrification resistance, robust 1, wild magic
1
a: Renounce Religion, Evoke Blink, Divine Shield, Cleansing Flame


You were on level 13 of the Dungeon.
You worshipped the Shining One.
The Shining One was greatly pleased with you.
You visited 3 branches of the dungeon, and saw 15 of its levels.
You also visited: Sewer.

You collected 1114 gold pieces.
You spent 210 gold pieces at shops.

Inventory:

Hand Weapons
 a - a +0 war axe
 f - a +1 broad axe
 t - a +3 broad axe of flaming (weapon)
 C - a +2 demon trident of electrocution
Missiles
 D - 4 throwing nets (quivered)
Armour
 c - a +1 buckler (worn)
 g - the +0 pair of boots "Ubunizi" (worn) {+Blink Fly rPois Dex-3}
   (You acquired it in a sewer)

   Dex:       It affects your dexterity (-3).
   rPois:     It protects you from poison.
   Fly:       It grants you flight.
   +Blink:    It lets you blink.
 k - a scarf of repulsion (worn)
 p - a +1 plate armour (worn)
 w - a +0 pair of gloves (worn)
 G - +0 acid dragon scales
Jewellery
 h - a ring of ice
 q - a ring of protection from fire
 x - a ring of willpower (left hand)
 B - an amulet of the acrobat (around neck)
Wands
 j - a wand of polymorph (4)
 y - a wand of charming (5)
 A - a wand of iceblast (6)
Scrolls
 n - a scroll of fog
 o - 3 scrolls of teleportation
 r - 2 scrolls of magic mapping
 u - 3 scrolls of amnesia
 v - 7 scrolls of identify
Potions
 b - 8 potions of curing
 d - a potion of might
 e - 3 potions of mutation
 i - 2 potions of magic
 l - a potion of invisibility {unknown}
 m - a potion of haste {unknown}
 s - a potion of berserk rage
 z - a potion of flight
 F - 2 potions of lignification {unknown}


   Skills:
 + Level 9.4 Fighting
 + Level 13.5 Axes
 + Level 10.0 Armour
 + Level 7.5 Shields
 * Level 6.9 Invocations


You had 11 spell levels left.
You didn't know any spells.
Your spell library contained the following spells:

 Spells                   Type           Power      Damage    Failure   Level
 Animate Skeleton         Necr           0%         N/A       99%         1
 Pain                     Necr           0%         1d4       99%         1
 Corpse Rot               Necr/Air       0%         N/A       100%        2
 Poisonous Vapours        Pois/Air       0%         N/A       100%        2
 Call Canine Familiar     Summ           0%         N/A       100%        3
 Dazzling Flash           Conj/Hex       0%         N/A       100%        3
 Portal Projectile        Hex/Tloc       0%         N/A       100%        3
 Summon Guardian Golem    Hex/Summ       0%         N/A       100%        3
 Vampiric Draining        Necr           0%         2d6       100%        3
 Iskenderun's Mystic Bla  Conj/Tloc      0%         2d3       100%        4
 Leda's Liquefaction      Hex/Erth       0%         N/A       100%        4
 Starburst                Conj/Fire      0%         6d3       100%        6
 Orb of Destruction       Conj           0%         9d5       100%        7
 Spellforged Servitor     Conj/Summ      0%         N/A       100%        7


Dungeon Overview and Level Annotations

Branches:
Dungeon (13/15)            Temple (1/1) D:4            Lair (1/6) D:8
    Orc (0/2) D:12          Sewer (visited)
 Vaults: D:13-14

Altars:
Ashenzari
Cheibriados
Dithmenos
Elyvilon
Fedhas
Gozag
Hepliaklqana
Kikubaaqudgha
Makhleb
Nemelex Xobeh
Okawaru
Qazlal
Ru
Sif Muna
Trog
Uskayaw
Vehumet
Wu Jian
Xom
Yredelemnul
Zin
The Shining One

Shops:
D:4 [   D:6 (   D:12 *[


Innate Abilities, Weirdness & Mutations

You are immune to sickness and miasma.
Your stone body is resilient. (AC +8)
You are immune to poison.
You resist negative energy. (rN+)
You are resistant to electric shocks. (rElec)
You are resistant to unholy torment.
You are immune to petrification.
You are robust. (+10% HP)
Your spells are a little harder to cast, but a little more powerful.


Message History

The vampire mosquito closely misses you.
A vampire mosquito comes into view.
The centaur warrior hits you but does no damage.
The centaur warrior kicks you but does no damage.
The vampire mosquito bites you but does no damage.
A vampire mosquito comes into view.
You block the centaur warrior's attack.
The centaur warrior kicks you but does no damage.
The boulder beetle bites you.
* * * LOW HITPOINT WARNING * * *
The vampire mosquito barely misses you.
The centaur warrior hits you with a +0 short sword.
* * * LOW HITPOINT WARNING * * *
You block the centaur warrior's attack.
You feel better.
The vampire mosquito buzzes angrily.
The vampire mosquito bites you but does no damage. x2
The centaur warrior hits you but does no damage.
The centaur warrior kicks you but does no damage.
The boulder beetle bites you.
* * * LOW HITPOINT WARNING * * *
You block the vampire mosquito's attack.
The centaur warrior hits you but does no damage.
The centaur warrior kicks you but does no damage.
The boulder beetle leaps!
You feel better.
The vampire mosquito bites you but does no damage.
The vampire mosquito bites you.
* * * LOW HITPOINT WARNING * * *
The centaur warrior hits you with a +0 short sword!
* * * LOW HITPOINT WARNING * * *
The centaur warrior kicks you but does no damage.
You block the vampire mosquito's attack.
An acid dragon comes into view.
The centaur warrior hits you but does no damage.
The centaur warrior kicks you but does no damage.
The vampire mosquito completely misses you.
The vampire mosquito closely misses you.
The vampire mosquito bites you!
You die...

#.....# #.....# #.§...#
+§§§..# #D§.$.# #.....#
#§§...# #c§...# ##
#@y...# .+ #yy...#
######### #.....#
#.......########.B...#
#....................#
#....................#
.....................###
........................
.#######................


You could see a boulder beetle, a centaur warrior, an acid dragon and 3 vampire
mosquitoes.

Vanquished Creatures
  Fannar (D:10)
  A boulder beetle (D:12)
  Harold (D:11)
  Erica (D:8)
  3 two-headed ogres
  Urug (Lair:1)
  Pikel (D:8)
  2 cyclopes
  An ugly thing (D:12)
  A manticore (D:12)
  2 gargoyles (D:12)
  Maggie (D:6)
  A kobold demonologist (D:11)
  3 trolls
  A hornet (D:8)
  4 slime creatures (D:12)
  3 vampires
  2 wraiths
  A shadow (D:9)
  14 yaks
  A steam dragon (D:8)
  6 vampire mosquitoes (D:12)
  Edmund (D:6)
  3 acid dragons
  A floating eye (shapeshifter) (D:12)
  A water moccasin (D:8)
  9 orc warriors
  2 ice beasts
  A sky beast (D:7)
  2 black bears
  A necrophage (D:6)
  An ogre (D:5)
  2 lemures (D:8)
  18 centaurs
  A kobold brigand (D:8)
  A water moccasin zombie (D:5)
  6 bullfrogs
  2 gnoll sergeants
  A scorpion (D:7)
  A wyvern skeleton (D:7)
  8 killer bees
  4 wights (D:6)
  2 howler monkeys (D:7)
  A bullfrog zombie (D:5)
  3 centaur zombies
  5 hounds
  3 jellies
  Crazy Yiuf (D:6)
  An orc priest (D:10)
  A centaur skeleton (D:6)
  6 iguanas
  2 orc wizards
  A hound zombie (D:4)
  A howler monkey zombie (D:11)
  A howler monkey skeleton (D:5)
  5 gnolls (D:11)
  2 river rats (Sewer)
  19 adders
  2 white imps
  An ufetubus (D:5)
  An adder skeleton (D:4)
  5 worms
  5 dart slugs
  30 orcs
  10 bats
  7 endoplasms
  A giant cockroach (D:3)
  13 goblins
  8 hobgoblins
  4 jackals
  6 quokkas
  18 ball pythons
  7 frilled lizards
  12 kobolds
  37 rats
339 creatures vanquished.

Vanquished Creatures (others)
  15 fungi (D:8)
  12 plants (D:8)
27 creatures vanquished.

Grand Total: 366 creatures vanquished

Notes
Turn   | Place    | Note
-------+----------+-------------------------------------------
     0 | D:1      | meepyknight the Gargoyle Fighter began the quest for the
                  | Orb.
     0 | D:1      | Reached XP level 1. HP: 14/14 MP: 1/1
   171 | D:1      | Reached XP level 2. HP: 15/19 MP: 2/2
   298 | D:1      | Reached skill level 2 in Axes
   675 | D:1      | Found a faded altar of an unknown god.
   935 | D:2      | Reached XP level 3. HP: 23/23 MP: 3/3
  1262 | D:2      | Reached XP level 4. HP: 16/29 MP: 4/4
  1987 | D:3      | Found a glowing drain.
  1993 | D:3      | Reached skill level 3 in Axes
  2003 | Sewer    | Entered a sewer
  2326 | Sewer    | Reached XP level 5. HP: 33/33 MP: 5/5
  2513 | Sewer    | Identified a scroll of acquirement
  2513 | Sewer    | Acquired the +0 pair of boots "Ubunizi" {+Blink Fly rPois
                  | Dex-3}
  2727 | Sewer    | Reached skill level 4 in Axes
  2727 | Sewer    | Reached XP level 6. HP: 18/38 MP: 6/6
  3678 | D:4      | Noticed an ice beast
  3688 | D:4      | Killed an ice beast
  3689 | D:4      | Reached skill level 5 in Axes
  3689 | D:4      | Reached XP level 7. HP: 33/44 MP: 7/7
  3928 | D:4      | Found Esawag's Antique Armour Emporium.
  4145 | D:4      | Found a staircase to the Ecumenical Temple.
  4177 | Temple   | Entered the Ecumenical Temple
  4225 | Temple   | Became a worshipper of the Shining One
  5098 | D:5      | Entered Level 5 of the Dungeon
  5171 | D:5      | Reached skill level 5 in Armour
  5300 | D:5      | Reached * piety under the Shining One
  5309 | D:5      | Reached skill level 6 in Axes
  5593 | D:5      | Reached XP level 8. HP: 45/48 MP: 8/8
  6303 | D:6      | Reached skill level 5 in Fighting
  6452 | D:6      | Reached skill level 7 in Axes
  6515 | D:6      | Reached skill level 5 in Shields
  6581 | D:6      | Found Ovedif's Weapon Shop.
  6611 | D:6      | Noticed Maggie
  6622 | D:6      | Killed Maggie
  6623 | D:6      | Reached skill level 8 in Axes
  6623 | D:6      | Reached XP level 9. HP: 29/55 MP: 9/9
  6917 | D:6      | Noticed Edmund
  6923 | D:6      | Killed Edmund
  7148 | D:6      | Reached ** piety under the Shining One
  7212 | D:6      | Found a runed translucent door.
  7213 | D:6      | Noticed Crazy Yiuf
  7290 | D:6      | Killed Crazy Yiuf
  7520 | D:7      | Reached skill level 9 in Axes
  7853 | D:7      | Found a hide-covered altar of Uskayaw.
  7959 | D:7      | Found a shadowy altar of Dithmenos.
  8109 | D:8      | Noticed a hornet
  8111 | D:8      | Killed a hornet
  8261 | D:8      | Noticed Erica
  8273 | D:8      | Killed Erica
  8274 | D:8      | Reached skill level 10 in Axes
  8274 | D:8      | Reached XP level 10. HP: 45/61 MP: 10/10
  8687 | D:8      | Found a staircase to the Lair.
  8823 | D:8      | Found an iron altar of Okawaru.
  8823 | D:8      | Found a radiant altar of Vehumet.
  8823 | D:8      | Found a bloodstained altar of Trog.
  8825 | D:8      | Found a sacrificial altar of Ru.
  8825 | D:8      | Found a basalt altar of Yredelemnul.
  8827 | D:8      | Found a shimmering blue altar of Sif Muna.
  8828 | D:8      | Found an ancient bone altar of Kikubaaqudgha.
  9038 | D:8      | Found a faded altar of an unknown god.
  9038 | D:8      | Found a blossoming altar of Fedhas.
  9046 | D:8      | Found an ornate altar of the Wu Jian Council.
  9055 | D:8      | Found a broken altar of Ashenzari.
  9061 | D:8      | Found a hazy altar of Hepliaklqana.
  9159 | D:9      | Reached skill level 1 in Invocations
  9392 | D:9      | Noticed Pikel
  9432 | D:8      | Killed Pikel
  9433 | D:8      | Reached skill level 11 in Axes
  9963 | D:9      | Reached *** piety under the Shining One
 10144 | D:9      | Noticed a two-headed ogre
 10151 | D:9      | Killed a two-headed ogre
 10152 | D:9      | Reached XP level 11. HP: 48/68 MP: 13/13
 10437 | Lair:1   | Entered Level 1 of the Lair of Beasts
 10451 | Lair:1   | Noticed Urug
 10491 | Lair:1   | Killed Urug
 10740 | D:10     | Entered Level 10 of the Dungeon
 10740 | D:10     | Noticed Fannar
 10921 | D:10     | Killed Fannar
 12251 | D:10     | Reached skill level 12 in Axes
 12524 | D:11     | Found a shimmering altar of Xom.
 12525 | D:11     | Found a shimmering altar of Xom.
 12525 | D:11     | Found a shimmering altar of Xom.
 12529 | D:11     | Found a shimmering altar of Xom.
 12536 | D:11     | Found a shimmering altar of Xom.
 12536 | D:11     | Found a shimmering altar of Xom.
 12583 | D:11     | Found a shimmering altar of Xom.
 12773 | D:11     | Noticed a two-headed ogre
 12783 | D:11     | Killed a two-headed ogre
 12784 | D:11     | Reached skill level 5 in Invocations
 13179 | D:11     | Noticed Harold
 13184 | D:11     | Killed Harold
 13185 | D:11     | Reached XP level 12. HP: 74/75 MP: 16/16
 13675 | D:12     | Noticed a two-headed ogre
 13693 | D:12     | HP: 3/75 [acid dragon/splash of acid (15)]
 13704 | D:12     | Found Leitauro's Assorted Antiques.
 14041 | D:12     | Bought a scroll of enchant armour for 210 gold pieces
 14064 | D:12     | Reached **** piety under the Shining One
 14272 | D:12     | Found Giwka's Armour Boutique.
 14272 | D:12     | Found a staircase to the Orcish Mines.
 14283 | D:12     | Paralysed by a floating eye for 2 turns
 14333 | D:12     | Noticed a boulder beetle
 14336 | D:12     | Reached skill level 13 in Axes
 14607 | D:12     | Killed a boulder beetle
 14692 | D:12     | Upgraded the game from 0.28.0-43-g3370ac3207 to
                  | 0.28.0-45-g0d030f2227
 15142 | D:12     | Killed a two-headed ogre
 15143 | D:12     | Reached skill level 10 in Armour
 15790 | D:13     | Noticed a boulder beetle
 15805 | D:13     | Noticed a centaur warrior
 15816 | D:13     | Gained mutation: Your spells are a little harder to cast,
                  | but a little more powerful. [potion of mutation]
 15816 | D:13     | Gained mutation: You are robust. (+10% HP) [potion of
                  | mutation]
 15817 | D:13     | HP: 3/83 [centaur warrior/+0 short sword (2)]
 15819 | D:13     | Slain by a vampire mosquito

Illustrated notes

Levels and vault maps discovered:
D:1:      heliophobic_arrival_henge, layout_rooms,
          shapermc_ecumenical_altar_mp_vishouse, minmay_strange_pillars,
          minmay_bisected
D:2:      layout_loops_ring, minmay_joined_circles
D:3:      layout_basic, cheibrodos_sewer_entry_drain
D:4:      minmay_chambers_of_threes, layout_cave_pools,
          minmay_temple_entry_arrows, serial_rivers,
          chequers_serial_rivers_small_b, chequers_serial_rivers_micro_b,
          chequers_serial_rivers_small_b, chequers_serial_rivers_large_a,
          chequers_serial_rivers_small_a, minmay_shop_grid_forest,
          kennysheep_opposing_triangles
D:5:      layout_loops_ring
D:6:      layout_cave_pools, serial_shops, nicolae_shop_hallway_plus,
          uniq_edmund, uniq_maggie, uniq_crazy_yiuf_cottage
D:7:      nicolae_cairo_tiling_large, layout_cave_pods, kennysheep_mini_moat,
          grunt_dithmenos_smoke_and_mirrors
D:8:      kennysheep_blocky_hall, layout_gridville, grunt_temple_overflow_open,
          chequers_temple_overflow_minitemple, grunt_lair_entry_orc_guard_hut,
          uniq_erica
D:9:      layout_gridville, hive_lemuel, uniq_pikel
D:10:     layout_grid_maze, uniq_fannar
D:11:     layout_gridville, nicolae_xom_altar_mimics, uniq_harold
D:12:     layout_loops_ring, orc_david_3, serial_shops, shop, minmay_between
D:13:     layout_gridville, lightli_fourway_metalbox
Temple:   chequers_temple_sunken
Lair:1:   layout_cave_pods, grunt_megastairs_3, infiniplex_staircase_pool_2,
          uniq_urug

Skill      XL: |  1  2  3  4  5  6  7  8  9 10 11 12 |
---------------+-------------------------------------+-----
Axes           | 2 3 4 5 6 8 10 11 12 13 | 13.5
Armour         | 4 5 7 8 9 10 | 10.0
Fighting       | 4 5 6 7 8 9 |  9.4
Shields        | 4 5 6 7 |  7.5
Invocations    | 3 5 6 |  6.9

Action                   |  1- 3 |  4- 6 |  7- 9 | 10-12 || total
-------------------------+-------+-------+-------+-------++-------
Melee: War axe           |   131 |   274 |   129 |       ||   534
       Broad axe         |       |       |   121 |   377 ||   498
Invok: Cleansing Flame   |       |       |       |     1 ||     1
  Use: Scroll            |     1 |     8 |     5 |    11 ||    25
       Potion            |       |     1 |     2 |    11 ||    14
Armor: Scale mail        |    53 |       |       |       ||    53
       Chain mail        |    31 |   264 |    19 |       ||   314
       Plate armour      |       |       |   156 |   329 ||   485
Dodge: Dodged            |    73 |   151 |    92 |   173 ||   489
       Repelled          |       |       |     1 |     4 ||     5
Block: Buckler           |    39 |    87 |    76 |   134 ||   336
